[ PARTIDA AOE2 · #475916226 ]
UnrankedShu vs Bohemians
[ ANÁLISIS DE REPETICIÓN · EXTRAÍDO DE LA PARTIDA GRABADA ]
Feudal
—
Castillos
—
Imperial
—
| APM promedio | 0.0 |
| APM pico | 2 |
| eAPM promedio | 0.0 |
| Aldeanos / militares | 0 / 0 |
Feudal
—
Castillos
—
Imperial
—
| APM promedio | 48.9 |
| APM pico | 145 |
| eAPM promedio | 43.7 |
| Aldeanos / militares | 152 / 583 |
Foco
⚔️ 32.8% · 🌾 67.2%
War Elephant ×523 · Trade Cart ×108 · Mangonel ×30 · Scorpion ×30
Feudal
—
Castillos
—
Imperial
—
| APM promedio | 7.3 |
| APM pico | 94 |
| eAPM promedio | 7.2 |
| Aldeanos / militares | 37 / 752 |
Foco
⚔️ 48.8% · 🌾 51.2%
Spearman ×624 · Battle Elephant ×117 · Trade Cart ×20 · Mangonel ×11
Feudal
—
Castillos
—
Imperial
—
| APM promedio | 3.6 |
| APM pico | 35 |
| eAPM promedio | 3.5 |
| Aldeanos / militares | 30 / 161 |
Foco
⚔️ 51.2% · 🌾 48.8%
Militia ×93 · Skirmisher ×60 · Trade Cart ×9 · Archer ×7 · Monk ×1
Feudal
—
Castillos
—
Imperial
—
| APM promedio | 48.0 |
| APM pico | 316 |
| eAPM promedio | 44.8 |
| Aldeanos / militares | 106 / 1016 |
Foco
⚔️ 46.8% · 🌾 53.2%
War Elephant ×862 · Scorpion ×120 · Trade Cart ×90 · Bombard Cannon ×34
Feudal
—
Castillos
—
Imperial
—
| APM promedio | 9.9 |
| APM pico | 80 |
| eAPM promedio | 8.2 |
| Aldeanos / militares | 83 / 97 |
Foco
⚔️ 44.6% · 🌾 55.4%
Spearman ×51 · Militia ×40 · Trade Cart ×34 · Unknown (1944) ×20 · Unknown (1942) ×12 · Monk ×6
Feudal
—
Castillos
—
Imperial
—
| APM promedio | 21.0 |
| APM pico | 118 |
| eAPM promedio | 17.2 |
| Aldeanos / militares | 147 / 1305 |
Foco
⚔️ 53.9% · 🌾 46.1%
Monaspa ×452 · Spearman ×400 · Cavalry Archer ×192 · Archer ×110 · Trade Cart ×63 · Scout Cavalry ×61
Feudal
—
Castillos
—
Imperial
—
| APM promedio | 1.3 |
| APM pico | 21 |
| eAPM promedio | 1.2 |
| Aldeanos / militares | 70 / 0 |
Foco
⚔️ 26.2% · 🌾 73.8%
Mapa de la partida
Recursos iniciales + cada clic de construcción. Líneas = muros · curvas = relieve. ◆ oro · ⬟ piedra · ● bayas · ✦ reliquia · ◌ hueco del cierre
Tu base· ✓ Cerrada en 12:00 · 0t muro · sin puerta
Base de Mauzic· ✓ Cerrada en 12:00 · 14t muro · 3 puerta(s)
Base de LevelH3ro· ✓ Cerrada en 12:00 · 23t muro · 3 puerta(s)
Base de Adanedhel· ✓ Cerrada en 12:00 · 16t muro · sin puerta
Base de CESALDINE· ✓ Cerrada en 12:00 · 28t muro · 1 puerta(s)
Base de DopyMallard· ✓ Cerrada en 12:00 · 16t muro · sin puerta
Base de hogan182107· ✓ Cerrada en 12:00 · 20t muro · 2 puerta(s)
Base de Reiben· ✓ Cerrada en 12:00 · 19t muro · 2 puerta(s)
Terreno inicial suavizado · ◌ = hueco del cierre detectado · pasá el cursor para detalles
Inputs por minuto
— PinBuckle914816 - - Mauzic
Build order — PinBuckle914816
0 acciones detectadas en el replay
Build order — Mauzic
Primeras 150 de 1164 acciones detectadas
| 0:14 | Construir | Town Center |
| 0:18 | Construir | Town Center |
| 0:28 | Construir | Town Center |
| 0:30 | Construir | Town Center |
| 0:32 | Crear | Villager (Male) |
| 0:33 | Crear | Villager (Male) |
| 0:33 | Crear | Villager (Male) |
| 0:33 | Crear | Villager (Male) |
| 0:36 | Construir | Town Center |
| 0:38 | Construir | Town Center |
| 0:40 | Construir | Town Center |
| 0:43 | Construir | Town Center |
| 1:14 | Crear | Villager (Male) |
| 1:15 | Crear | Villager (Male) |
| 1:15 | Crear | Villager (Male) |
| 1:15 | Crear | Villager (Male) |
| 1:15 | Crear | Villager (Male) |
| 1:22 | Crear | Villager (Male) |
| 1:22 | Crear | Villager (Male) |
| 1:23 | Crear | Villager (Male) |
| 1:23 | Crear | Villager (Male) |
| 1:23 | Crear | Villager (Male) |
| 1:24 | Crear | Villager (Male) |
| 1:24 | Crear | Villager (Male) |
| 1:24 | Crear | Villager (Male) |
| 1:24 | Crear | Villager (Male) |
| 1:25 | Crear | Villager (Male) |
| 1:34 | Crear | Villager (Male) |
| 1:35 | Crear | Villager (Male) |
| 1:53 | Crear | Villager (Male) |
| 1:54 | Crear | Villager (Male) |
| 1:54 | Crear | Villager (Male) |
| 2:04 | Construir | Stone Wall |
| 2:06 | Construir | Stone Wall |
| 2:08 | Construir | Gate |
| 2:12 | Construir | Gate |
| 2:14 | Construir | Gate |
| 2:19 | Crear | Villager (Male) |
| 2:20 | Crear | Villager (Male) |
| 2:20 | Crear | Villager (Male) |
| 2:20 | Crear | Villager (Male) |
| 2:21 | Crear | Villager (Male) |
| 2:21 | Crear | Villager (Male) |
| 2:21 | Crear | Villager (Male) |
| 2:22 | Crear | Villager (Male) |
| 2:22 | Crear | Villager (Male) |
| 2:29 | Construir | House |
| 2:31 | Construir | House |
| 2:32 | Construir | House |
| 2:34 | Construir | House |
| 2:36 | Construir | House |
| 2:36 | Construir | House |
| 2:38 | Construir | House |
| 2:40 | Construir | House |
| 2:43 | Construir | House |
| 2:45 | Construir | House |
| 2:46 | Construir | House |
| 2:48 | Construir | House |
| 2:50 | Construir | House |
| 2:51 | Construir | House |
| 2:52 | Construir | House |
| 2:52 | Construir | House |
| 2:54 | Construir | House |
| 2:55 | Construir | House |
| 2:56 | Construir | House |
| 2:58 | Construir | House |
| 3:00 | Crear | Villager (Male) |
| 3:00 | Crear | Villager (Male) |
| 3:00 | Crear | Villager (Male) |
| 3:09 | Construir | Market |
| 3:20 | Construir | Market |
| 3:33 | Construir | Market |
| 3:36 | Construir | Market |
| 3:53 | Construir | House |
| 3:55 | Construir | House |
| 3:57 | Construir | House |
| 4:00 | Construir | House |
| 4:05 | Construir | Lumber Camp |
| 4:09 | Construir | Lumber Camp |
| 4:11 | Construir | Lumber Camp |
| 4:13 | Crear | Villager (Male) |
| 4:13 | Crear | Villager (Male) |
| 4:13 | Crear | Villager (Male) |
| 4:14 | Crear | Villager (Male) |
| 4:14 | Crear | Villager (Male) |
| 4:14 | Crear | Villager (Male) |
| 4:15 | Crear | Villager (Male) |
| 4:15 | Crear | Villager (Male) |
| 4:16 | Crear | Villager (Male) |
| 4:16 | Crear | Villager (Male) |
| 4:16 | Crear | Villager (Male) |
| 4:22 | Crear | Villager (Male) |
| 4:22 | Crear | Villager (Male) |
| 4:22 | Crear | Villager (Male) |
| 4:23 | Crear | Villager (Male) |
| 4:28 | Construir | Mining Camp |
| 4:41 | Construir | Mining Camp |
| 4:45 | Crear | Villager (Male) |
| 4:45 | Crear | Villager (Male) |
| 4:45 | Crear | Villager (Male) |
| 4:46 | Crear | Villager (Male) |
| 4:46 | Crear | Villager (Male) |
| 4:46 | Crear | Villager (Male) |
| 4:47 | Crear | Villager (Male) |
| 4:47 | Crear | Villager (Male) |
| 4:47 | Crear | Villager (Male) |
| 4:47 | Crear | Villager (Male) |
| 4:48 | Crear | Villager (Male) |
| 4:53 | Crear | Villager (Male) |
| 4:54 | Crear | Villager (Male) |
| 4:54 | Crear | Villager (Male) |
| 4:54 | Crear | Villager (Male) |
| 4:55 | Crear | Villager (Male) |
| 4:55 | Crear | Villager (Male) |
| 4:56 | Crear | Villager (Male) |
| 5:06 | Crear | Trade Cart |
| 5:06 | Crear | Trade Cart |
| 5:06 | Crear | Trade Cart |
| 5:07 | Crear | Trade Cart |
| 5:07 | Crear | Trade Cart |
| 5:07 | Crear | Trade Cart |
| 5:08 | Crear | Trade Cart |
| 5:08 | Crear | Trade Cart |
| 5:08 | Crear | Trade Cart |
| 5:09 | Crear | Trade Cart |
| 5:09 | Crear | Trade Cart |
| 5:09 | Crear | Trade Cart |
| 5:10 | Crear | Trade Cart |
| 5:10 | Crear | Trade Cart |
| 5:11 | Crear | Trade Cart |
| 5:11 | Crear | Trade Cart |
| 5:11 | Crear | Trade Cart |
| 5:18 | Crear | Villager (Male) |
| 5:19 | Crear | Villager (Male) |
| 5:19 | Crear | Villager (Male) |
| 5:28 | Crear | Villager (Male) |
| 5:29 | Crear | Villager (Male) |
| 5:31 | Construir | Lumber Camp |
| 5:34 | Construir | Lumber Camp |
| 5:38 | Construir | Lumber Camp |
| 5:41 | Crear | Villager (Male) |
| 5:42 | Crear | Villager (Male) |
| 5:42 | Crear | Villager (Male) |
| 5:42 | Crear | Villager (Male) |
| 5:43 | Crear | Villager (Male) |
| 5:43 | Crear | Villager (Male) |
| 5:43 | Crear | Villager (Male) |
| 5:44 | Crear | Villager (Male) |
| 5:44 | Crear | Villager (Male) |
| 5:44 | Crear | Villager (Male) |
Build order — LevelH3ro
Primeras 150 de 255 acciones detectadas
| 0:10 | Crear | Villager (Male) ×5 |
| 0:25 | Construir | Farm |
| 0:27 | Construir | Farm |
| 0:29 | Construir | Farm |
| 0:35 | Crear | Villager (Male) ×5 |
| 0:51 | Construir | House |
| 0:53 | Construir | House |
| 0:55 | Construir | House |
| 0:56 | Construir | House |
| 0:58 | Construir | House |
| 0:59 | Construir | House |
| 1:01 | Construir | House |
| 1:04 | Construir | House |
| 1:05 | Construir | House |
| 1:08 | Construir | House |
| 1:11 | Construir | House |
| 1:12 | Construir | House |
| 1:14 | Construir | House |
| 1:15 | Construir | House |
| 1:15 | Construir | House |
| 1:19 | Construir | House |
| 1:24 | Construir | House |
| 1:25 | Construir | House |
| 1:27 | Construir | House |
| 1:28 | Construir | House |
| 1:38 | Crear | Villager (Male) |
| 1:47 | Construir | Farm |
| 2:23 | Crear | Villager (Male) ×5 |
| 2:54 | Construir | Market |
| 3:05 | Construir | Farm |
| 3:56 | Construir | Stone Wall |
| 4:04 | Construir | Gate |
| 4:07 | Construir | Gate |
| 4:39 | Construir | Stone Wall |
| 4:50 | Construir | Gate |
| 5:16 | Construir | Lumber Camp |
| 5:30 | Construir | Mining Camp |
| 5:44 | Construir | Mining Camp |
| 5:51 | Crear | Villager (Male) ×5 |
| 5:51 | Crear | Villager (Male) ×5 |
| 6:02 | Construir | Lumber Camp |
| 7:31 | Construir | Mining Camp |
| 7:53 | Construir | Mining Camp |
| 8:11 | Construir | Farm |
| 8:17 | Crear | Villager (Male) ×5 |
| 8:17 | Crear | Villager (Male) ×5 |
| 8:32 | Construir | Siege Workshop |
| 8:36 | Construir | Siege Workshop |
| 8:46 | Construir | Siege Workshop |
| 8:49 | Construir | Siege Workshop |
| 8:51 | Construir | Siege Workshop |
| 9:03 | Construir | Siege Workshop |
| 9:53 | Construir | Lumber Camp |
| 10:21 | Crear | Villager (Male) |
| 10:29 | Crear | Mangonel |
| 10:33 | Crear | Mangonel |
| 10:33 | Crear | Mangonel |
| 13:04 | Crear | Mangonel |
| 13:05 | Crear | Mangonel |
| 13:06 | Crear | Mangonel |
| 13:40 | Construir | Farm |
| 13:42 | Construir | Farm |
| 13:47 | Construir | Farm |
| 13:51 | Construir | Farm |
| 14:02 | Construir | Mill |
| 14:08 | Construir | Farm |
| 14:10 | Construir | Farm |
| 14:15 | Construir | Farm |
| 14:50 | Construir | Castle |
| 14:55 | Construir | Castle |
| 15:00 | Construir | Castle |
| 16:38 | Crear | Mangonel ×5 |
| 17:13 | Construir | Stable |
| 17:15 | Construir | Stable |
| 17:21 | Construir | Stable |
| 17:28 | Construir | Stable |
| 17:29 | Construir | Stable |
| 17:32 | Construir | Stable |
| 17:35 | Construir | Stable |
| 17:37 | Construir | Stable |
| 17:42 | Construir | Stable |
| 17:46 | Construir | Stable |
| 17:49 | Construir | Stable |
| 18:16 | Construir | Barracks |
| 18:18 | Construir | Barracks |
| 18:21 | Construir | Barracks |
| 18:25 | Construir | Barracks |
| 18:28 | Construir | Barracks |
| 18:31 | Construir | Barracks |
| 18:33 | Construir | Barracks |
| 18:34 | Construir | Barracks |
| 18:36 | Construir | Barracks |
| 18:38 | Construir | Barracks |
| 18:45 | Construir | Archery Range |
| 18:47 | Construir | Archery Range |
| 18:49 | Construir | Archery Range |
| 18:54 | Construir | Archery Range |
| 19:00 | Construir | Archery Range |
| 19:17 | Crear | Battle Elephant ×5 |
| 19:47 | Crear | Trade Cart ×5 |
| 19:48 | Crear | Trade Cart ×5 |
| 19:48 | Crear | Trade Cart ×5 |
| 19:48 | Crear | Trade Cart ×5 |
| 20:11 | Crear | Spearman ×5 |
| 20:11 | Crear | Spearman ×5 |
| 20:12 | Crear | Spearman ×5 |
| 20:12 | Crear | Spearman ×5 |
| 20:17 | Crear | Spearman ×5 |
| 20:17 | Crear | Spearman ×5 |
| 20:17 | Crear | Spearman ×5 |
| 20:18 | Crear | Spearman ×5 |
| 20:18 | Crear | Spearman ×5 |
| 20:18 | Crear | Spearman ×5 |
| 20:29 | Crear | Battle Elephant ×5 |
| 20:30 | Crear | Battle Elephant ×5 |
| 20:30 | Crear | Battle Elephant ×5 |
| 20:30 | Crear | Battle Elephant ×5 |
| 20:31 | Crear | Battle Elephant ×5 |
| 20:31 | Crear | Battle Elephant ×5 |
| 20:31 | Crear | Battle Elephant ×5 |
| 20:32 | Crear | Battle Elephant ×5 |
| 20:46 | Crear | Spearman ×5 |
| 20:46 | Crear | Spearman ×5 |
| 20:47 | Crear | Spearman ×5 |
| 20:47 | Crear | Spearman ×5 |
| 20:48 | Crear | Spearman ×5 |
| 20:48 | Crear | Spearman ×5 |
| 20:48 | Crear | Spearman ×5 |
| 20:49 | Crear | Spearman ×5 |
| 20:49 | Crear | Spearman ×5 |
| 20:49 | Crear | Spearman ×5 |
| 21:39 | Crear | Spearman ×5 |
| 21:39 | Crear | Spearman ×5 |
| 21:39 | Crear | Spearman ×5 |
| 21:40 | Crear | Spearman ×5 |
| 21:40 | Crear | Spearman ×5 |
| 21:40 | Crear | Spearman ×5 |
| 21:41 | Crear | Spearman ×5 |
| 21:41 | Crear | Spearman ×5 |
| 21:42 | Crear | Spearman ×5 |
| 21:42 | Crear | Spearman ×5 |
| 21:42 | Crear | Spearman ×5 |
| 21:43 | Crear | Spearman ×5 |
| 21:43 | Crear | Spearman ×5 |
| 21:43 | Crear | Spearman ×5 |
| 21:44 | Crear | Spearman ×5 |
| 21:44 | Crear | Spearman ×5 |
| 21:44 | Crear | Spearman ×5 |
| 21:45 | Crear | Spearman ×5 |
| 21:45 | Crear | Spearman ×5 |
Build order — Adanedhel
Primeras 150 de 186 acciones detectadas
| 0:10 | Crear | Villager (Male) |
| 0:11 | Crear | Villager (Male) |
| 0:11 | Crear | Villager (Male) |
| 0:11 | Crear | Villager (Male) |
| 0:12 | Crear | Villager (Male) |
| 0:12 | Crear | Villager (Male) |
| 0:12 | Crear | Villager (Male) |
| 0:12 | Crear | Villager (Male) |
| 0:13 | Crear | Villager (Male) |
| 0:13 | Crear | Villager (Male) |
| 0:13 | Crear | Villager (Male) |
| 0:34 | Construir | House |
| 0:39 | Construir | House |
| 0:45 | Construir | House |
| 0:55 | Construir | House |
| 1:20 | Construir | Mill |
| 1:45 | Construir | Lumber Camp |
| 2:01 | Construir | Farm |
| 2:11 | Construir | Farm |
| 2:34 | Construir | Mining Camp |
| 2:47 | Crear | Villager (Male) |
| 2:47 | Crear | Villager (Male) |
| 2:48 | Crear | Villager (Male) |
| 2:48 | Crear | Villager (Male) |
| 2:48 | Crear | Villager (Male) |
| 3:03 | Construir | Lumber Camp |
| 3:22 | Construir | House |
| 3:35 | Construir | House |
| 3:52 | Construir | House |
| 3:56 | Construir | House |
| 4:01 | Construir | House |
| 4:45 | Crear | Villager (Male) |
| 4:46 | Crear | Villager (Male) |
| 5:15 | Construir | Blacksmith |
| 5:56 | Construir | Market |
| 6:35 | Construir | Palisade Wall |
| 6:40 | Construir | Palisade Wall |
| 6:46 | Construir | Palisade Wall |
| 6:53 | Construir | Palisade Wall |
| 8:00 | Construir | Town Center |
| 8:18 | Construir | Farm |
| 8:48 | Construir | Farm |
| 9:05 | Construir | Farm |
| 9:39 | Construir | House |
| 9:45 | Construir | House |
| 9:50 | Construir | House |
| 9:53 | Construir | House |
| 9:57 | Construir | House |
| 10:02 | Construir | House |
| 10:35 | Construir | Mining Camp |
| 10:42 | Crear | Trade Cart |
| 10:42 | Crear | Trade Cart |
| 10:42 | Crear | Trade Cart |
| 10:43 | Crear | Trade Cart |
| 10:43 | Crear | Trade Cart |
| 10:43 | Crear | Trade Cart |
| 10:44 | Crear | Trade Cart |
| 10:44 | Crear | Trade Cart |
| 10:44 | Crear | Trade Cart |
| 10:53 | Crear | Villager (Male) |
| 10:53 | Crear | Villager (Male) |
| 10:54 | Crear | Villager (Male) |
| 10:54 | Crear | Villager (Male) |
| 10:55 | Crear | Villager (Male) |
| 10:55 | Crear | Villager (Male) |
| 12:13 | Construir | Monastery |
| 12:51 | Construir | House |
| 12:55 | Construir | House |
| 13:59 | Construir | Castle |
| 14:29 | Construir | Market |
| 16:02 | Crear | Monk |
| 16:33 | Construir | Mining Camp |
| 17:33 | Construir | Archery Range |
| 17:37 | Construir | Archery Range |
| 17:40 | Construir | Archery Range |
| 18:15 | Construir | Mining Camp |
| 18:28 | Crear | Villager (Male) |
| 18:28 | Crear | Villager (Male) |
| 18:29 | Crear | Villager (Male) |
| 18:29 | Crear | Villager (Male) |
| 18:29 | Crear | Villager (Male) |
| 18:30 | Crear | Villager (Male) |
| 19:35 | Construir | Bombard Tower |
| 20:02 | Construir | Archery Range |
| 20:05 | Construir | Archery Range |
| 20:59 | Construir | Bombard Tower |
| 21:03 | Construir | Bombard Tower |
| 21:17 | Construir | Barracks |
| 21:20 | Construir | Barracks |
| 22:05 | Construir | Bombard Tower |
| 22:12 | Crear | Archer |
| 22:12 | Crear | Archer |
| 22:13 | Crear | Archer |
| 22:13 | Crear | Archer |
| 22:13 | Crear | Archer |
| 22:13 | Crear | Archer |
| 22:13 | Crear | Archer |
| 22:17 | Crear | Skirmisher |
| 22:17 | Crear | Skirmisher |
| 22:18 | Crear | Skirmisher |
| 22:18 | Crear | Skirmisher |
| 22:18 | Crear | Skirmisher |
| 22:19 | Crear | Skirmisher |
| 22:42 | Construir | Barracks |
| 22:47 | Construir | Barracks |
| 22:52 | Construir | Barracks |
| 23:08 | Crear | Skirmisher |
| 23:08 | Crear | Skirmisher |
| 23:09 | Crear | Skirmisher |
| 23:09 | Crear | Skirmisher |
| 24:13 | Construir | Lumber Camp |
| 24:32 | Construir | Mining Camp |
| 24:37 | Crear | Militia |
| 24:38 | Crear | Militia |
| 24:38 | Crear | Militia |
| 24:38 | Crear | Militia |
| 24:39 | Crear | Militia |
| 24:39 | Crear | Militia |
| 24:39 | Crear | Militia |
| 24:40 | Crear | Militia |
| 24:40 | Crear | Militia |
| 24:40 | Crear | Militia |
| 24:40 | Crear | Militia |
| 24:41 | Crear | Militia |
| 24:41 | Crear | Militia |
| 24:41 | Crear | Militia |
| 25:06 | Construir | Mining Camp |
| 26:32 | Crear | Militia |
| 26:33 | Crear | Militia |
| 26:33 | Crear | Militia |
| 26:33 | Crear | Militia |
| 26:33 | Crear | Militia |
| 26:34 | Crear | Militia |
| 26:34 | Crear | Militia |
| 26:34 | Crear | Militia |
| 26:35 | Crear | Militia |
| 26:35 | Crear | Militia |
| 26:36 | Crear | Militia |
| 26:36 | Crear | Militia |
| 26:36 | Crear | Militia |
| 26:36 | Crear | Militia |
| 26:37 | Crear | Militia |
| 26:37 | Crear | Militia |
| 26:37 | Crear | Militia |
| 26:38 | Crear | Militia |
| 26:38 | Crear | Militia |
| 26:39 | Crear | Militia |
| 26:39 | Crear | Militia |
| 26:39 | Crear | Militia |
| 26:40 | Crear | Militia |
Build order — CESALDINE
Primeras 150 de 1372 acciones detectadas
| 0:03 | Construir | House |
| 0:05 | Construir | House |
| 0:07 | Crear | Villager (Male) |
| 0:07 | Crear | Villager (Male) |
| 0:08 | Crear | Villager (Male) |
| 0:08 | Crear | Villager (Male) |
| 0:40 | Construir | Stone Wall |
| 0:45 | Construir | Gate |
| 0:50 | Crear | Villager (Male) |
| 0:50 | Crear | Villager (Male) |
| 0:51 | Crear | Villager (Male) |
| 0:54 | Construir | Farm |
| 0:55 | Construir | Farm |
| 0:57 | Crear | Villager (Male) |
| 0:57 | Crear | Villager (Male) |
| 0:57 | Crear | Villager (Male) |
| 0:58 | Crear | Villager (Male) |
| 0:58 | Crear | Villager (Male) |
| 1:14 | Construir | Town Center |
| 1:25 | Construir | Town Center |
| 1:41 | Construir | Town Center |
| 2:09 | Crear | Villager (Male) |
| 2:10 | Crear | Villager (Male) |
| 2:10 | Crear | Villager (Male) |
| 2:31 | Crear | Villager (Male) |
| 2:32 | Crear | Villager (Male) |
| 2:32 | Crear | Villager (Male) |
| 2:33 | Crear | Villager (Male) |
| 2:34 | Crear | Villager (Male) |
| 2:34 | Crear | Villager (Male) |
| 2:43 | Crear | Villager (Male) |
| 2:44 | Crear | Villager (Male) |
| 2:44 | Crear | Villager (Male) |
| 2:44 | Crear | Villager (Male) |
| 2:48 | Construir | Farm |
| 2:59 | Crear | Villager (Male) |
| 3:00 | Crear | Villager (Male) |
| 3:00 | Crear | Villager (Male) |
| 3:01 | Crear | Villager (Male) |
| 3:01 | Crear | Villager (Male) |
| 3:02 | Crear | Villager (Male) |
| 3:02 | Crear | Villager (Male) |
| 3:03 | Crear | Villager (Male) |
| 3:20 | Construir | Stone Wall |
| 3:31 | Construir | Mining Camp |
| 3:41 | Construir | Castle |
| 3:43 | Construir | Castle |
| 3:45 | Construir | Castle |
| 3:50 | Construir | Castle |
| 3:53 | Construir | Castle |
| 3:54 | Construir | Castle |
| 3:57 | Crear | Villager (Male) |
| 3:57 | Crear | Villager (Male) |
| 3:58 | Crear | Villager (Male) |
| 3:58 | Crear | Villager (Male) |
| 4:00 | Crear | Villager (Male) |
| 4:00 | Crear | Villager (Male) |
| 4:05 | Construir | House |
| 4:07 | Construir | House |
| 4:08 | Construir | House |
| 4:09 | Construir | House |
| 4:19 | Construir | Market |
| 4:20 | Construir | Market |
| 4:22 | Construir | Market |
| 4:29 | Construir | Farm |
| 4:29 | Construir | Farm |
| 4:30 | Construir | Farm |
| 4:32 | Crear | Villager (Male) |
| 4:32 | Crear | Villager (Male) |
| 4:33 | Crear | Villager (Male) |
| 4:34 | Crear | Villager (Male) |
| 4:34 | Crear | Villager (Male) |
| 4:35 | Crear | Villager (Male) |
| 4:36 | Crear | Villager (Male) |
| 4:36 | Crear | Villager (Male) |
| 4:36 | Crear | Villager (Male) |
| 4:41 | Crear | Villager (Male) |
| 4:42 | Crear | Villager (Male) |
| 4:42 | Crear | Villager (Male) |
| 4:42 | Crear | Villager (Male) |
| 4:43 | Crear | Villager (Male) |
| 4:44 | Crear | Villager (Male) |
| 4:44 | Crear | Villager (Male) |
| 4:57 | Construir | Farm |
| 5:07 | Construir | House |
| 5:09 | Construir | House |
| 5:10 | Construir | House |
| 5:12 | Construir | House |
| 5:14 | Construir | House |
| 5:15 | Construir | House |
| 5:16 | Construir | House |
| 5:17 | Construir | House |
| 5:19 | Construir | House |
| 5:22 | Construir | House |
| 5:23 | Construir | House |
| 5:24 | Construir | House |
| 5:26 | Construir | House |
| 5:27 | Construir | House |
| 5:29 | Construir | House |
| 5:31 | Construir | House |
| 5:33 | Construir | House |
| 5:35 | Construir | House |
| 5:36 | Construir | House |
| 5:38 | Construir | House |
| 5:45 | Construir | Farm |
| 5:46 | Construir | Farm |
| 6:07 | Construir | Market |
| 6:22 | Crear | Trade Cart |
| 6:23 | Crear | Trade Cart |
| 6:23 | Crear | Trade Cart |
| 6:23 | Crear | Trade Cart |
| 6:24 | Crear | Trade Cart |
| 6:24 | Crear | Trade Cart |
| 6:24 | Crear | Trade Cart |
| 6:25 | Crear | Trade Cart |
| 6:25 | Crear | Trade Cart |
| 6:25 | Crear | Trade Cart |
| 6:26 | Crear | Trade Cart |
| 6:26 | Crear | Trade Cart |
| 6:26 | Crear | Trade Cart |
| 6:27 | Crear | Trade Cart |
| 6:31 | Construir | Farm |
| 6:37 | Construir | Farm |
| 6:43 | Construir | Farm |
| 6:45 | Crear | Villager (Male) |
| 6:46 | Crear | Villager (Male) |
| 6:46 | Crear | Villager (Male) |
| 6:47 | Crear | Villager (Male) |
| 6:47 | Crear | Villager (Male) |
| 6:48 | Crear | Villager (Male) |
| 6:48 | Crear | Villager (Male) |
| 6:49 | Crear | Villager (Male) |
| 6:49 | Crear | Villager (Male) |
| 7:30 | Crear | Villager (Male) |
| 7:31 | Crear | Villager (Male) |
| 7:32 | Crear | Villager (Male) |
| 7:32 | Crear | Villager (Male) |
| 7:33 | Crear | Villager (Male) |
| 7:33 | Crear | Villager (Male) |
| 7:39 | Construir | Farm |
| 7:44 | Construir | Farm |
| 7:45 | Construir | Farm |
| 7:53 | Construir | Farm |
| 7:58 | Construir | Farm |
| 7:58 | Construir | Farm |
| 7:59 | Construir | Farm |
| 7:59 | Construir | Farm |
| 8:00 | Construir | Farm |
| 8:00 | Construir | Farm |
| 8:11 | Construir | Farm |
Build order — DopyMallard
Primeras 150 de 357 acciones detectadas
| 0:08 | Construir | House |
| 0:12 | Construir | House |
| 0:13 | Construir | House |
| 0:14 | Construir | House |
| 0:16 | Construir | House |
| 0:17 | Construir | House |
| 0:22 | Crear | Villager (Male) |
| 0:22 | Crear | Villager (Male) |
| 0:23 | Crear | Villager (Male) |
| 0:32 | Construir | Stone Wall |
| 0:46 | Construir | Stone Wall |
| 1:02 | Construir | Town Center |
| 1:06 | Crear | Villager (Male) |
| 1:06 | Crear | Villager (Male) |
| 1:07 | Crear | Villager (Male) |
| 1:09 | Construir | House |
| 1:13 | Construir | House |
| 1:15 | Construir | House |
| 1:17 | Construir | House |
| 1:21 | Crear | Villager (Male) |
| 1:21 | Crear | Villager (Male) |
| 1:43 | Construir | Town Center |
| 1:49 | Crear | Villager (Male) |
| 1:50 | Crear | Villager (Male) |
| 1:50 | Crear | Villager (Male) |
| 1:50 | Crear | Villager (Male) |
| 1:51 | Crear | Villager (Male) |
| 2:00 | Construir | Market |
| 2:09 | Construir | Market |
| 2:11 | Construir | Market |
| 2:16 | Construir | Market |
| 2:20 | Crear | Villager (Male) |
| 2:21 | Crear | Villager (Male) |
| 2:21 | Crear | Villager (Male) |
| 2:21 | Crear | Villager (Male) |
| 2:22 | Crear | Villager (Male) |
| 2:22 | Crear | Villager (Male) |
| 2:23 | Crear | Villager (Male) |
| 2:23 | Crear | Villager (Male) |
| 2:23 | Crear | Villager (Male) |
| 2:36 | Construir | Barracks |
| 2:38 | Construir | Barracks |
| 2:39 | Construir | Barracks |
| 2:41 | Construir | Barracks |
| 2:42 | Construir | Barracks |
| 2:44 | Construir | Barracks |
| 2:46 | Construir | Barracks |
| 2:48 | Construir | Barracks |
| 2:59 | Construir | Stable |
| 3:03 | Construir | Stable |
| 3:07 | Construir | Stable |
| 3:20 | Construir | Stable |
| 3:22 | Construir | Stable |
| 3:23 | Construir | Stable |
| 3:24 | Construir | Stable |
| 3:25 | Construir | Stable |
| 3:27 | Construir | Stable |
| 3:31 | Crear | Villager (Male) |
| 3:32 | Crear | Villager (Male) |
| 3:32 | Crear | Villager (Male) |
| 3:32 | Crear | Villager (Male) |
| 3:33 | Crear | Villager (Male) |
| 3:33 | Crear | Villager (Male) |
| 3:34 | Crear | Villager (Male) |
| 3:44 | Construir | Farm |
| 3:44 | Construir | Farm |
| 3:45 | Construir | Farm |
| 3:46 | Construir | Farm |
| 3:46 | Construir | Farm |
| 3:47 | Construir | Farm |
| 3:58 | Construir | Farm |
| 3:59 | Crear | Villager (Male) |
| 4:00 | Crear | Villager (Male) |
| 4:00 | Crear | Villager (Male) |
| 4:01 | Crear | Villager (Male) |
| 4:06 | Construir | Farm |
| 4:06 | Construir | Farm |
| 4:07 | Construir | Farm |
| 4:07 | Construir | Farm |
| 4:08 | Construir | Farm |
| 4:13 | Crear | Villager (Male) |
| 4:13 | Crear | Villager (Male) |
| 4:14 | Crear | Villager (Male) |
| 4:16 | Crear | Villager (Male) |
| 4:16 | Crear | Villager (Male) |
| 4:16 | Crear | Villager (Male) |
| 4:58 | Construir | Siege Workshop |
| 5:00 | Construir | Siege Workshop |
| 5:05 | Construir | Siege Workshop |
| 5:07 | Construir | Siege Workshop |
| 5:19 | Crear | Unit 1944 |
| 5:20 | Crear | Unit 1944 |
| 5:20 | Crear | Unit 1944 |
| 5:20 | Crear | Unit 1944 |
| 5:21 | Crear | Unit 1944 |
| 5:21 | Crear | Unit 1944 |
| 5:22 | Crear | Unit 1944 |
| 5:22 | Crear | Unit 1944 |
| 5:22 | Crear | Unit 1944 |
| 5:23 | Crear | Unit 1944 |
| 5:23 | Crear | Unit 1944 |
| 5:25 | Crear | Unit 1944 |
| 5:25 | Crear | Unit 1944 |
| 5:25 | Crear | Unit 1944 |
| 5:26 | Crear | Unit 1944 |
| 5:26 | Crear | Unit 1944 |
| 5:28 | Crear | Trade Cart |
| 5:28 | Crear | Trade Cart |
| 5:29 | Crear | Trade Cart |
| 5:29 | Crear | Trade Cart |
| 5:30 | Crear | Trade Cart |
| 5:30 | Crear | Trade Cart |
| 5:30 | Crear | Trade Cart |
| 5:31 | Crear | Trade Cart |
| 5:31 | Crear | Trade Cart |
| 5:31 | Crear | Trade Cart |
| 5:32 | Crear | Trade Cart |
| 5:33 | Crear | Trade Cart |
| 5:33 | Crear | Trade Cart |
| 5:34 | Crear | Trade Cart |
| 5:34 | Crear | Trade Cart |
| 5:35 | Crear | Trade Cart |
| 5:35 | Crear | Trade Cart |
| 5:36 | Crear | Trade Cart |
| 5:36 | Crear | Trade Cart |
| 5:37 | Crear | Trade Cart |
| 5:37 | Crear | Trade Cart |
| 5:38 | Crear | Trade Cart |
| 5:51 | Construir | House |
| 5:54 | Construir | House |
| 5:55 | Construir | House |
| 5:57 | Construir | House |
| 5:58 | Construir | House |
| 5:59 | Construir | House |
| 6:02 | Construir | House |
| 6:03 | Construir | House |
| 6:05 | Construir | House |
| 6:06 | Construir | House |
| 6:07 | Construir | House |
| 6:09 | Construir | House |
| 6:21 | Construir | Mining Camp |
| 6:24 | Crear | Spearman |
| 6:24 | Crear | Spearman |
| 6:25 | Crear | Spearman |
| 6:25 | Crear | Spearman |
| 6:26 | Crear | Spearman |
| 6:26 | Crear | Spearman |
| 6:27 | Crear | Spearman |
| 6:27 | Crear | Spearman |
| 6:28 | Crear | Spearman |
Build order — hogan182107
Primeras 150 de 519 acciones detectadas
| 0:04 | Crear | Villager (Male) ×15 |
| 0:05 | Crear | Villager (Male) |
| 0:09 | Construir | House |
| 0:15 | Construir | House |
| 0:15 | Construir | House |
| 0:15 | Construir | House |
| 0:15 | Construir | House |
| 0:28 | Construir | Castle |
| 0:48 | Construir | Stable |
| 0:56 | Construir | Stable |
| 1:01 | Construir | House |
| 1:15 | Construir | Mule Cart |
| 1:29 | Construir | Castle |
| 1:43 | Construir | Stone Wall |
| 1:58 | Construir | Gate |
| 2:02 | Construir | Gate |
| 2:11 | Crear | Villager (Male) ×5 |
| 2:11 | Crear | Villager (Male) |
| 2:18 | Construir | Stable |
| 2:23 | Construir | Stable |
| 2:41 | Construir | Town Center |
| 2:49 | Construir | Town Center |
| 2:56 | Construir | Town Center |
| 3:21 | Construir | Town Center |
| 3:31 | Construir | Town Center |
| 3:45 | Construir | Town Center |
| 3:48 | Crear | Villager (Male) |
| 3:49 | Crear | Villager (Male) |
| 3:49 | Crear | Villager (Male) |
| 3:49 | Crear | Villager (Male) |
| 3:49 | Crear | Villager (Male) |
| 3:50 | Crear | Villager (Male) |
| 3:50 | Crear | Villager (Male) |
| 3:50 | Crear | Villager (Male) |
| 3:51 | Crear | Villager (Male) |
| 3:51 | Crear | Villager (Male) |
| 3:51 | Crear | Villager (Male) |
| 3:51 | Crear | Villager (Male) |
| 3:52 | Crear | Villager (Male) |
| 3:52 | Crear | Villager (Male) |
| 3:53 | Crear | Villager (Male) ×15 |
| 3:53 | Crear | Villager (Male) |
| 4:05 | Construir | Castle |
| 4:27 | Construir | Town Center |
| 5:14 | Crear | Villager (Male) |
| 5:15 | Crear | Villager (Male) |
| 5:15 | Crear | Villager (Male) |
| 5:15 | Crear | Villager (Male) |
| 5:15 | Crear | Villager (Male) |
| 5:16 | Crear | Villager (Male) |
| 5:16 | Crear | Villager (Male) |
| 5:16 | Crear | Villager (Male) |
| 5:17 | Crear | Villager (Male) |
| 5:17 | Crear | Villager (Male) |
| 5:17 | Crear | Villager (Male) |
| 5:17 | Crear | Villager (Male) |
| 5:18 | Crear | Villager (Male) |
| 5:18 | Crear | Villager (Male) |
| 5:18 | Crear | Villager (Male) |
| 5:33 | Construir | Town Center |
| 6:03 | Crear | Monaspa ×15 |
| 6:03 | Crear | Monaspa |
| 6:04 | Crear | Monaspa ×14 |
| 6:05 | Crear | Monaspa |
| 6:30 | Construir | Market |
| 6:32 | Construir | Market |
| 6:37 | Construir | Market |
| 6:40 | Construir | Market |
| 7:08 | Crear | Villager (Male) ×15 |
| 7:08 | Crear | Villager (Male) |
| 7:25 | Construir | Mule Cart |
| 7:37 | Construir | Mule Cart |
| 7:48 | Crear | Monaspa ×15 |
| 7:48 | Crear | Monaspa |
| 7:49 | Crear | Monaspa ×15 |
| 7:49 | Crear | Monaspa |
| 7:50 | Crear | Monaspa ×13 |
| 7:50 | Crear | Monaspa |
| 8:12 | Construir | Castle |
| 8:18 | Construir | Castle |
| 8:29 | Construir | Castle |
| 8:48 | Construir | House |
| 8:48 | Construir | House |
| 8:48 | Construir | House |
| 8:49 | Construir | House |
| 8:49 | Construir | House |
| 9:05 | Construir | House |
| 9:09 | Crear | Villager (Male) |
| 9:09 | Crear | Villager (Male) |
| 9:10 | Crear | Villager (Male) |
| 9:10 | Crear | Villager (Male) |
| 9:10 | Crear | Villager (Male) |
| 9:10 | Crear | Villager (Male) |
| 9:11 | Crear | Villager (Male) |
| 9:11 | Crear | Villager (Male) |
| 9:11 | Crear | Villager (Male) |
| 9:12 | Crear | Villager (Male) |
| 9:12 | Crear | Villager (Male) |
| 9:12 | Crear | Villager (Male) |
| 9:12 | Crear | Villager (Male) |
| 9:13 | Crear | Villager (Male) |
| 9:13 | Crear | Villager (Male) |
| 9:20 | Crear | Trade Cart ×15 |
| 9:20 | Crear | Trade Cart |
| 9:21 | Crear | Trade Cart ×15 |
| 9:21 | Crear | Trade Cart |
| 9:34 | Crear | Villager (Male) ×15 |
| 9:34 | Crear | Villager (Male) |
| 9:35 | Crear | Villager (Male) ×15 |
| 9:35 | Crear | Villager (Male) |
| 9:41 | Crear | Monaspa ×15 |
| 9:42 | Crear | Monaspa |
| 9:43 | Crear | Monaspa ×15 |
| 9:43 | Crear | Monaspa |
| 9:51 | Construir | Mule Cart |
| 10:06 | Construir | Town Center |
| 10:25 | Construir | Barracks |
| 10:28 | Construir | Barracks |
| 10:37 | Construir | Mule Cart |
| 10:49 | Construir | Mule Cart |
| 11:05 | Construir | House |
| 11:13 | Construir | House |
| 11:18 | Construir | House |
| 12:40 | Construir | House |
| 12:43 | Construir | House |
| 13:24 | Construir | House |
| 13:29 | Construir | House |
| 13:32 | Construir | House |
| 13:37 | Construir | House |
| 13:40 | Construir | House |
| 13:44 | Construir | House |
| 13:46 | Construir | House |
| 15:18 | Construir | Barracks |
| 15:19 | Construir | Barracks |
| 15:19 | Construir | Barracks |
| 15:19 | Construir | Barracks |
| 15:20 | Construir | Barracks |
| 15:20 | Construir | Barracks |
| 15:50 | Construir | Stone Wall |
| 15:54 | Construir | Stone Wall |
| 16:43 | Construir | Stone Wall |
| 17:09 | Construir | Mule Cart |
| 17:21 | Construir | Mule Cart |
| 17:25 | Crear | Villager (Male) |
| 17:25 | Crear | Villager (Male) |
| 17:25 | Crear | Villager (Male) |
| 17:25 | Crear | Villager (Male) |
| 17:26 | Crear | Villager (Male) |
| 17:26 | Crear | Villager (Male) |
| 17:26 | Crear | Villager (Male) |
Build order — Reiben
55 acciones detectadas en el replay
| 0:10 | Crear | Villager (Male) ×5 |
| 0:10 | Crear | Villager (Male) ×5 |
| 0:11 | Crear | Villager (Male) ×5 |
| 0:11 | Crear | Villager (Male) ×5 |
| 0:11 | Crear | Villager (Male) ×5 |
| 0:29 | Construir | House |
| 0:37 | Construir | House |
| 0:48 | Construir | House |
| 1:02 | Construir | House |
| 1:05 | Construir | House |
| 1:06 | Construir | House |
| 1:08 | Construir | House |
| 1:12 | Construir | House |
| 1:23 | Construir | Mining Camp |
| 1:41 | Construir | House |
| 1:53 | Construir | Lumber Camp |
| 2:13 | Construir | Town Center |
| 2:27 | Construir | Market |
| 2:30 | Construir | Market |
| 2:35 | Construir | Market |
| 2:50 | Construir | Town Center |
| 3:21 | Construir | Town Center |
| 3:41 | Construir | Town Center |
| 4:01 | Construir | House |
| 4:03 | Construir | House |
| 4:05 | Construir | House |
| 4:08 | Construir | House |
| 4:10 | Construir | House |
| 4:14 | Construir | House |
| 4:21 | Crear | Villager (Male) ×5 |
| 4:21 | Crear | Villager (Male) ×5 |
| 4:21 | Crear | Villager (Male) ×5 |
| 4:21 | Crear | Villager (Male) ×5 |
| 4:22 | Crear | Villager (Male) ×5 |
| 4:22 | Crear | Villager (Male) ×5 |
| 4:22 | Crear | Villager (Male) ×5 |
| 4:23 | Crear | Villager (Male) ×5 |
| 4:23 | Crear | Villager (Male) ×5 |
| 4:49 | Construir | Gate |
| 4:53 | Construir | Gate |
| 5:02 | Construir | Gate |
| 5:14 | Construir | Stone Wall |
| 5:19 | Construir | Stone Wall |
| 5:25 | Construir | Stone Wall |
| 5:30 | Construir | Stone Wall |
| 5:36 | Construir | Stone Wall |
| 5:38 | Construir | Stone Wall |
| 5:51 | Construir | Monastery |
| 5:57 | Construir | Barracks |
| 5:59 | Construir | Barracks |
| 6:19 | Construir | Mining Camp |
| 6:33 | Construir | Archery Range |
| 6:36 | Construir | Archery Range |
| 6:41 | Construir | Stable |
| 6:43 | Construir | Stable |
Cronología de la partida
| 0:28 | hogan182107 · first_building Castle |
| 0:32 | DopyMallard · wall_segment Stone Wall x1 |
| 0:40 | CESALDINE · wall_segment Stone Wall x27 |
| 0:46 | DopyMallard · wall_segment Stone Wall x15 |
| 0:48 | hogan182107 · first_building Stable |
| 1:43 | hogan182107 · wall_segment Stone Wall x20 |
| 2:04 | Mauzic · wall_segment Stone Wall x12 |
| 2:06 | Mauzic · wall_segment Stone Wall x2 |
| 2:36 | DopyMallard · first_building Barracks |
| 2:59 | DopyMallard · first_building Stable |
| 3:20 | CESALDINE · wall_segment Stone Wall x1 |
| 3:41 | CESALDINE · first_building Castle |
| 3:56 | LevelH3ro · wall_segment Stone Wall x17 |
| 4:39 | LevelH3ro · wall_segment Stone Wall x6 |
| 4:58 | DopyMallard · first_building Siege Workshop |
| 5:14 | Reiben · wall_segment Stone Wall x6 |
| 5:19 | Reiben · wall_segment Stone Wall x6 |
| 5:25 | Reiben · wall_segment Stone Wall x2 |
| 5:30 | Reiben · wall_segment Stone Wall x2 |
| 5:36 | Reiben · wall_segment Stone Wall x2 |
| 5:38 | Reiben · wall_segment Stone Wall x1 |
| 5:51 | Reiben · first_building Monastery |
| 5:57 | Reiben · first_building Barracks |
| 6:33 | Reiben · first_building Archery Range |
| 6:35 | Adanedhel · wall_segment Palisade Wall x5 |
| 6:40 | Adanedhel · wall_segment Palisade Wall x4 |
| 6:41 | Reiben · first_building Stable |
| 6:45 | DopyMallard · first_building Monastery |
| 6:46 | Adanedhel · wall_segment Palisade Wall x4 |
| 6:53 | Adanedhel · wall_segment Palisade Wall x3 |
| 8:32 | LevelH3ro · first_building Siege Workshop |
| 9:26 | Reiben · resign |
| 10:25 | hogan182107 · first_building Barracks |
| 12:13 | Adanedhel · first_building Monastery |
| 12:53 | Mauzic · first_building Castle |
| 13:13 | Mauzic · wall_segment Stone Wall x24 |
| 13:37 | Mauzic · wall_segment Stone Wall x74 |
| 13:59 | Adanedhel · first_building Castle |
| 14:06 | Mauzic · wall_segment Stone Wall x2 |
| 14:08 | Mauzic · wall_segment Stone Wall x4 |
| 14:12 | Mauzic · wall_segment Stone Wall x4 |
| 14:13 | Mauzic · wall_segment Stone Wall x1 |
| 14:50 | LevelH3ro · first_building Castle |
| 15:50 | hogan182107 · wall_segment Stone Wall x9 |
| 15:54 | hogan182107 · wall_segment Stone Wall x10 |
| 16:11 | CESALDINE · first_market_buy 100 stone |
| 16:43 | hogan182107 · wall_segment Stone Wall x8 |
| 17:13 | LevelH3ro · first_building Stable |
| 17:33 | Adanedhel · first_building Archery Range |
| 18:07 | Mauzic · wall_segment Stone Wall x10 |
| 18:16 | LevelH3ro · first_building Barracks |
| 18:26 | DopyMallard · first_building Castle |
| 18:45 | LevelH3ro · first_building Archery Range |
| 19:06 | Mauzic · first_building Siege Workshop |
| 21:13 | DopyMallard · first_building Archery Range |
| 21:17 | Adanedhel · first_building Barracks |
| 22:26 | CESALDINE · first_market_sell 100 wood |
| 26:26 | Mauzic · wall_segment Stone Wall x44 |
| 27:10 | Adanedhel · tribute_sent a jugador 1 |
| 27:10 | Adanedhel · tribute_sent a jugador 2 |
| 27:10 | Adanedhel · tribute_sent a jugador 4 |
| 27:10 | Adanedhel · tribute_sent a jugador 5 |
| 27:10 | Adanedhel · tribute_sent a jugador 6 |
| 27:10 | Adanedhel · tribute_sent a jugador 7 |
| 27:10 | Adanedhel · tribute_sent a jugador 8 |
| 27:51 | hogan182107 · first_building Monastery |
| 28:11 | Mauzic · wall_segment Stone Wall x8 |
| 28:22 | Mauzic · wall_segment Stone Wall x15 |
| 32:24 | Mauzic · wall_segment Stone Wall x1 |
| 35:17 | Mauzic · first_market_buy 100 stone |
| 39:25 | Mauzic · wall_segment Stone Wall x7 |
| 45:39 | CESALDINE · first_building Siege Workshop |
| 47:42 | Mauzic · wall_segment Stone Wall x19 |
| 49:04 | hogan182107 · first_building Archery Range |
| 49:18 | Mauzic · wall_segment Stone Wall x16 |
| 49:58 | Mauzic · wall_segment Stone Wall x1 |
| 50:08 | Mauzic · wall_segment Stone Wall x20 |
| 51:39 | Mauzic · wall_segment Stone Wall x1 |
| 51:49 | Mauzic · wall_segment Stone Wall x15 |
| 53:25 | Mauzic · wall_segment Stone Wall x7 |
| 54:04 | hogan182107 · first_building Siege Workshop |
| 55:45 | Mauzic · wall_segment Stone Wall x17 |
| 57:29 | Mauzic · wall_segment Stone Wall x17 |
| 57:52 | Mauzic · wall_segment Stone Wall x11 |
| 57:59 | Mauzic · wall_segment Stone Wall x12 |
[ ANÁLISIS IA · 1 CRÉDITO ]
¿Qué pasó realmente en esta partida?
Wolo.gg analiza cada decisión: build order, eco, micro, errores típicos por bracket. Análisis personalizado por WhatsApp o Discord en 30 segundos.
Guía civ
Shu
Guía mapa
Amazon Tunnel
Perfil
Jugador #22257596